 Dungeon Crawl Stone Soup version 0.16.2-12-gd0ad4c3 (webtiles) character file.

17271 inmateoo the Grappler (level 12, 0/76 HPs)
             Began as a Gargoyle Air Elementalist on Apr 17, 2018.
             Was the Champion of Cheibriados.
             Slain by a large slime creature (21 damage)
             ... on level 12 of the Dungeon.
             The game lasted 00:22:32 (13145 turns).

inmateoo the Grappler (Gargoyle Air Elementalist)  Turns: 13145, Time: 00:22:33

Health: 0/76       AC: 24    Str: 28    XL:     12   Next: 46%
Magic:  25/25      EV: 11    Int: 40    God:    Cheibriados [******]
Gold:   655        SH:  7    Dex: 25    Spells: 5 memorised, 8 levels left

rFire  . . .     SeeInvis +       - Unarmed
rCold  + + .     Clarity  .     l - +4 scale mail "Tiskucy" {rC+}
rNeg   + + .     SustAb   .     S - +1 buckler {rN+}
rPois  ∞         Gourm    .     r - +1 helmet {SInv}
rElec  +         Spirit   .     n - +0 cloak
rCorr  .         Warding  .     v - +0 pair of gloves
rMut   .         Stasis   .     u - +0 pair of boots
MR     .....                    s - amulet of faith
Stlth  +.........               t - +5 ring of intelligence
                                m - ring of protection from cold

@: repel missiles, very slow, not resistant to hostile enchantments, very
unstealthy
A: deformed body, negative energy resistance 1, electricity resistance,
unbreathing, petrification resistance, no device heal 1, rot immunity, placid
magic 1, AC +8
a: Bend Time, Temporal Distortion, Slouch, Step From Time, Renounce Religion


You were on level 12 of the Dungeon.
You worshipped Cheibriados.
Cheibriados was exalted by your worship.
You were hungry.

You visited 1 branch of the dungeon, and saw 12 of its levels.

You collected 655 gold pieces.

Inventory:

Armour
 l - the +4 scale mail "Tiskucy" (worn) {rC+}
   (You found it on level 5 of the Dungeon)

   It protects you from cold.
 n - a +0 cloak (worn)
 r - a +1 helmet of see invisible (worn)
 u - a +0 pair of boots (worn)
 v - a +0 pair of gloves (worn)
 M - the +7 ring mail of Autotheism {rN+ Str+2 Stlth+}
   (You found it on level 9 of the Dungeon)

   It affects your strength (+2).
   It protects you from negative energy.
   It makes you more stealthy.
 S - a +1 buckler of positive energy (worn)
Magical staves
 k - a cursed staff of air
Jewellery
 m - a ring of protection from cold (left hand)
 s - an amulet of faith (around neck)
 t - a +5 ring of intelligence (right hand)
 C - an uncursed amulet of resist mutation {unknown}
 J - a cursed amulet of inaccuracy {unknown}
 N - an uncursed amulet of warding {unknown}
Magical devices
 i - a wand of digging (11)
 j - a wand of digging (21)
 o - a wand of fireball (0)
 w - a wand of cold (9)
 B - a wand of heal wounds (4)
 D - a wand of teleportation (3)
 E - a wand of magic darts (0)
 H - a wand of frost (17)
Scrolls
 e - 2 scrolls of remove curse
 g - 5 scrolls of teleportation
 h - 2 scrolls of blinking
 p - 3 scrolls of magic mapping
 y - 2 scrolls of amnesia
 R - 2 scrolls of fear
Potions
 d - a potion of resistance
 z - 2 potions of restore abilities
 A - a potion of magic
 I - a potion of cure mutation
 K - a potion of brilliance
 L - a potion of might
Books
 b - a book of Air

   Spells                             Type                      Level
   a - Shock                          Conjuration/Air              1
   b - Swiftness                      Charms/Air                   2
   c - Repel Missiles                 Charms/Air                   2
   d - Flight                         Charms/Air                   3
   e - Static Discharge               Conjuration/Air              3
   f - Lightning Bolt                 Conjuration/Air              5
 x - a book of Necromancy

   Spells                             Type                      Level
   a - Pain                           Necromancy                   1
   b - Animate Skeleton               Necromancy                   1
   c - Vampiric Draining              Necromancy                   3
   d - Regeneration                   Charms/Necromancy            3
   e - Animate Dead                   Necromancy                   4
   f - Control Undead                 Necromancy                   4
Miscellaneous
 P - a plain deck of defence
Comestibles
 a - 4 beef jerkies
 c - 9 bread rations
 f - 4 meat rations
 F - 15 fruits
 G - 7 slices of pizza
 Q - 9 royal jellies


   Skills:
 + Level 9.2 Fighting
 + Level 7.0 Armour
 - Level 1.5 Dodging
 - Level 2.1 Stealth
 + Level 3.7 Shields
 * Level 12.1 Unarmed Combat
 + Level 5.8 Spellcasting
 - Level 1.1 Conjurations
 + Level 5.9 Air Magic
 + Level 7.6 Invocations


You had 8 spell levels left.
You knew the following spells:

 Your Spells              Type           Power        Failure   Level  Hunger
a - Regeneration          Chrm/Necr      #.........   11%         3    None
b - Repel Missiles        Chrm/Air       ###...       1%          2    None
c - Static Discharge      Conj/Air       ####....     2%          3    None
d - Shock                 Conj/Air       ####         1%          1    None
e - Lightning Bolt        Conj/Air       ####......   28%         5    ####...


Dungeon Overview and Level Annotations

Branches:
Dungeon (12/15)            Temple (0/1) D:7            Lair (0/8) D:10
    Orc (0/4) D:11

Altars:
Ashenzari
Cheibriados
Dithmenos
Fedhas
Kikubaaqudgha
Makhleb
Nemelex Xobeh
Okawaru
Ru
Trog
Vehumet
Yredelemnul
Beogh

Shops:
D:9 %

Portals:
Trove: D:10 (give 6 scrolls of blinking)


Innate Abilities, Weirdness & Mutations

You are resistant to torment.
You are immune to poison.
Your stone body is very resilient (AC +8).
You resist negative energy.
You are resistant to electric shocks.
You can survive without breathing.
You are immune to petrification.
You are immune to rotting.
Armour fits poorly on your strangely shaped body.
Potions and wands are less effective at restoring your health.
Your spells are a little easier to cast, but a little less powerful.


Message History

The slime creature hits you but does no damage.
The large slime creature hits you!!
You punch the large slime creature!
The large slime creature is severely wounded.
The slime creature hits you but does no damage.
The large slime creature hits you!!
* * * LOW HITPOINT WARNING * * *
You punch the large slime creature!
The large slime creature is almost dead.
The slime creature hits you but does no damage.
The large slime creature hits you but does no damage.
You are too injured to fight recklessly!
You hit the large slime creature.
The large slime creature is almost dead.
The slime creature hits you but does no damage.
Unknown command.
You hit the large slime creature.
The large slime creature is almost dead.
The large slime creature hits you!!
You die...

#.........?.# ..##
##..........## .?...
#...........# ......
#...........# .......
##...........) .......
#............÷ .......
##.............
.......J###..............
#......J@................
#######..................
##.................
#.................
#.................
#.................
##....... ........
#...... ........ #...
.........


You could see a large slime creature and a slime creature.

Vanquished Creatures
  A hydra (D:8)
  Harold (D:10)
  Pikel (D:9)
  4 hill giants
  A wolf spider zombie (D:10)
  An ugly thing (D:12)
  An orc knight (D:11)
  Joseph (D:9)
  Psyche (D:10)
  2 guardian mummies (D:10)
  A komodo dragon (D:12)
  A queen bee (D:9)
  A two-headed ogre (D:11)
  2 trolls
  A slime creature (D:12)
  2 deep elf magi (D:10)
  3 wraiths
  A hungry ghost (D:8)
  A wyvern (D:10)
  Eustachio (D:5)
  Grum (D:9)
  5 yaks
  2 hippogriffs
  2 wolves (D:9)
  A steam dragon (D:10)
  Menkaure (D:7)
  A wasp (D:11)
  A necrophage (D:8)
  An orc warrior (D:11)
  A sky beast (D:10)
  A black bear (D:11)
  2 eyes of draining (D:11)
  2 ice beasts
  16 centaurs
  Sigmund (D:7)
  10 ogres
  4 big kobolds
  9 giant frogs
  4 jellies
  A wyvern zombie (D:12)
  A wyvern skeleton (D:6)
  2 scorpions
  9 wights
  2 electric eels (D:7)
  23 killer bees
  2 centaur zombies
  9 crimson imps
  2 orc priests
  8 hounds
  3 goliath beetles
  Crazy Yiuf (D:2)
  3 centaur skeletons
  4 iguanas
  2 giant frog skeletons
  4 orc wizards
  4 worker ants
  2 sheep (D:8)
  A killer bee zombie (D:7)
  Ijyb (D:2)
  Jessica (D:2)
  A mummy (D:10)
  A hound skeleton (D:5)
  A worker ant zombie (D:7)
  Robin (D:2)
  A gnoll (D:3)
  A river rat (D:5)
  12 adders
  5 shadow imps
  3 worms
  2 giant mites (D:3)
  An adder zombie (D:5)
  An ooze (D:6)
  36 orcs
  5 ball pythons
  A bat skeleton (D:7)
  4 giant cockroaches
  19 goblins
  19 hobgoblins
  24 jackals
  6 quokkas
  19 bats
  7 giant geckos
  2 giant gecko zombies
  5 giant newts
  A jackal zombie (D:5)
  15 kobolds
  A quokka zombie (D:6)
  10 rats
  A rat zombie (D:8)
  6 ballistomycetes (D:11)
  2 butterflies (D:7)
391 creatures vanquished.

Vanquished Creatures (others)
  A giant frog (D:9)
  An orc wizard (D:5)
  A giant spore (D:11)
  A plant (D:8)
4 creatures vanquished.

Grand Total: 395 creatures vanquished

Notes
Turn   | Place    | Note
--------------------------------------------------------------
     0 | D:1      | inmateoo, the Gargoyle Air Elementalist, began the quest for the Orb.
     0 | D:1      | Reached XP level 1. HP: 10/10 MP: 3/3
   112 | D:1      | Reached skill level 1 in Unarmed Combat
   313 | D:1      | Reached XP level 2. HP: 14/16 MP: 0/4
   997 | D:1      | Reached XP level 3. HP: 20/20 MP: 6/6
  1223 | D:2      | Learned a level 2 spell: Repel Missiles
  1228 | D:2      | Learned a level 3 spell: Static Discharge
  1284 | D:2      | Reached skill level 1 in Fighting
  1382 | D:2      | Noticed Robin
  1403 | D:2      | Killed Robin
  1487 | D:2      | Reached skill level 3 in Unarmed Combat
  1518 | D:2      | Reached XP level 4. HP: 23/25 MP: 4/7
  1809 | D:2      | Noticed Ijyb
  1832 | D:2      | Killed Ijyb
  1910 | D:2      | Noticed Jessica
  1913 | D:2      | Killed Jessica
  2079 | D:2      | Found a snail-covered altar of Cheibriados.
  2089 | D:2      | Became a worshipper of Cheibriados the Contemplative
  2248 | D:2      | Noticed Crazy Yiuf
  2303 | D:2      | Killed Crazy Yiuf
  2303 | D:2      | Reached skill level 4 in Unarmed Combat
  2303 | D:2      | Reached XP level 5. HP: 17/31 MP: 0/9
  3183 | D:4      | Acquired Cheibriados' first power
  3643 | D:3      | Found a sparkling altar of Nemelex Xobeh.
  3656 | D:3      | Reached XP level 6. HP: 33/37 MP: 1/10
  3887 | D:3      | Reached skill level 5 in Unarmed Combat
  4742 | D:4      | Reached XP level 7. HP: 32/42 MP: 2/12
  4916 | D:5      | Entered Level 5 of the Dungeon
  4960 | D:5      | Reached skill level 6 in Unarmed Combat
  5046 | D:5      | Acquired Cheibriados' second power
  5190 | D:5      | Found a shattered altar of Ashenzari.
  5446 | D:5      | Noticed Eustachio
  5530 | D:5      | Killed Eustachio
  5530 | D:5      | Reached skill level 5 in Fighting
  5530 | D:5      | Reached skill level 7 in Unarmed Combat
  5737 | D:5      | Reached XP level 8. HP: 33/49 MP: 10/13
  5982 | D:5      | Got a jet-studded scale mail
  5993 | D:5      | Identified the +4 scale mail "Tiskucy" {rC+} (You found it on level 5 of the Dungeon)
  6133 | D:5      | Acquired Cheibriados' third power
  6277 | D:6      | Reached skill level 1 in Armour
  6377 | D:6      | Reached skill level 8 in Unarmed Combat
  6383 | D:6      | Reached skill level 1 in Invocations
  6427 | D:6      | Learned a level 3 spell: Regeneration
  6830 | D:6      | Found a basalt altar of Yredelemnul.
  6834 | D:6      | Found a blossoming altar of Fedhas.
  6834 | D:6      | Found a shadowy altar of Dithmenos.
  6847 | D:6      | Found a burning altar of Makhleb.
  6851 | D:6      | Found an iron altar of Okawaru.
  6967 | D:6      | Acquired Cheibriados' fourth power
  6967 | D:6      | Reached XP level 9. HP: 39/55 MP: 14/14
  7193 | D:7      | Reached skill level 9 in Unarmed Combat
  7382 | D:7      | Found a staircase to the Ecumenical Temple.
  7474 | D:7      | Noticed Sigmund
  7475 | D:7      | Noticed Menkaure
  7481 | D:7      | Killed Sigmund
  7484 | D:7      | Killed Menkaure
  7679 | D:7      | Found a sacrificial altar of Ru.
  7772 | D:7      | Identified a +0 rod of ignition (9/9) (You found it on level 7 of the Dungeon)
  8324 | D:8      | Noticed a three-headed hydra
  8329 | D:8      | Reached XP level 10. HP: 63/63 MP: 13/18
  8335 | D:8      | Killed a three-headed hydra
  8335 | D:8      | Reached skill level 10 in Unarmed Combat
  8506 | D:8      | Found a radiant altar of Vehumet.
  8794 | D:8      | Found an ancient bone altar of Kikubaaqudgha.
  8993 | D:9      | Reached skill level 5 in Invocations
  8996 | D:9      | Got a transparent ring mail
  9013 | D:9      | Identified the +7 ring mail of Autotheism {rN+ Str+2 Stlth+} (You found it on level 9 of the Dungeon)
  9048 | D:9      | Learned a level 5 spell: Lightning Bolt
  9118 | D:9      | Noticed Grum
  9126 | D:9      | Killed Grum
  9126 | D:9      | Reached skill level 5 in Armour
  9191 | D:9      | Noticed Pikel
  9202 | D:9      | Killed Pikel
  9581 | D:9      | Reached XP level 11. HP: 60/68 MP: 16/22
  9582 | D:9      | Found Giefoicwask's Food Shop.
  9715 | D:9      | Found a bloodstained altar of Trog.
  9954 | D:9      | Noticed Joseph
  9973 | D:9      | Killed Joseph
  9973 | D:9      | Reached skill level 11 in Unarmed Combat
 10037 | D:9      | Found a shattered altar of Ashenzari.
 10225 | D:10     | Entered Level 10 of the Dungeon
 10290 | D:10     | Found a staircase to the Lair.
 10335 | D:10     | Gained mutation: Potions and wands are less effective at restoring your health. [mutagenic meat]
 10336 | D:10     | Gained mutation: Armour fits poorly on your strangely shaped body. [mutagenic meat]
 10670 | D:10     | Identified a scroll of acquirement
 10687 | D:10     | Noticed Harold
 10688 | D:10     | Noticed a hill giant
 10767 | D:10     | Noticed Psyche
 10773 | D:10     | Killed Psyche
 10851 | D:10     | Found a portal to a secret trove of treasure.
 10865 | D:10     | Reached skill level 5 in Air Magic
 10995 | D:10     | Reached skill level 1 in Shields
 11144 | D:10     | Killed Harold
 11144 | D:10     | Reached skill level 5 in Spellcasting
 11153 | D:10     | Killed a hill giant
 11781 | D:11     | Reached XP level 12. HP: 71/75 MP: 24/24
 11829 | D:11     | Noticed an orc knight
 11846 | D:11     | Killed an orc knight
 11878 | D:11     | Found a roughly hewn altar of Beogh.
 11891 | D:11     | Noticed a hill giant
 11899 | D:11     | Killed a hill giant
 11900 | D:11     | Found a staircase to the Orcish Mines.
 12792 | D:12     | Reached skill level 12 in Unarmed Combat
 13096 | D:12     | Gained mutation: Your spells are a little easier to cast, but a little less powerful. [mutagenic meat]
 13145 | D:12     | Slain by a large slime creature

Action                   |  1- 3 |  4- 6 |  7- 9 | 10-12 || total
-------------------------+-------+-------+-------+-------++-------
Melee: Short sword       |    67 |    62 |       |       ||   129
       Unarmed           |     3 |    50 |   347 |   638 ||  1038
       Staff             |       |    30 |    28 |       ||    58
 Cast: Shock             |    45 |   152 |    71 |     6 ||   274
       Repel Missiles    |     1 |     1 |     1 |     2 ||     5
       Static Discharge  |       |     2 |     2 |     2 ||     6
       Regeneration      |       |       |       |    13 ||    13
Invok: Slouch            |       |       |       |     5 ||     5
Evoke: Wand              |       |       |       |    18 ||    18
  Use: Scroll            |       |     8 |     9 |     5 ||    22
       Potion            |       |     1 |     4 |     1 ||     6
 Stab: Sleeping          |       |     3 |     1 |     1 ||     5
  Eat: Chunk             |     3 |    10 |     9 |    15 ||    37
